 Dungeon Crawl Stone Soup version 0.15.0-18-g9076a4f (console) character file.

4 gw the Bolt Thrower (level 1, -7/12 HPs)
             Began as a Kobold Hunter on Sept 6, 2014.
             Killed from afar by a raiju (9 damage)
             ... with a living lightning
             ... on Level 1 of the Abyss.
             The game lasted 00:00:48 (244 turns).

gw the Bolt Thrower (Kobold Hunter)                  Turns: 244, Time: 00:00:49

HP  -7/12        AC  7     Str 10      XL: 1   Next: 66%
MP   1/1         EV 11     Int  9      God:
Gold 0           SH  0     Dex 16      Spells:  0 memorised,  0 levels left

rFire  . . .     SeeInvis .     b - +1 hand crossbow
rCold  . . .     Clarity  .     a - +0 ring mail
rNeg   . . .     rCorr    .     (no shield)
rPois  .         rRot     .     (no helmet)
rElec  .         Spirit   .     (no cloak)
SustAb .         Warding  .     (no gloves)
rMut   .         Stasis   .     g - +0 pair of boots
Gourm  .                        (no amulet)
MR     .....                    (no ring)
                                e - +1 ring of protection

@: not resistant to hostile enchantments, very unstealthy
A: carnivore 3
a: no special abilities


You were on level 1 of the Abyss.
You were not hungry.

You visited 1 branch of the dungeon, and saw 1 of its levels.
You visited the Abyss 1 time.

Inventory:

Hand weapons
 b - a +1 hand crossbow (weapon)
Missiles
 c - 14 bolts (quivered)
Armour
 a - a +0 ring mail (worn)
 g - a +0 pair of boots (worn)
Comestibles
 f - 2 meat rations
 h - a beef jerky
Scrolls
 d - a scroll of remove curse {unknown}
 i - a scroll of enchant armour {unknown}
 k - a scroll of blinking {unknown}
Jewellery
 e - a +1 ring of protection (left hand)


   Skills:
 + Level 1.2 Fighting
   Level 0.3 Short Blades
 * Level 5.0 Crossbows
 + Level 2.5 Dodging
 - Level 1.3 Stealth


You couldn't memorise any spells.
You didn't know any spells.

Dungeon Overview and Level Annotations

Branches:
Dungeon (1/15)

Altars:


Innate Abilities, Weirdness & Mutations

You are small and have problems with some larger weapons.
You are carnivorous and can eat meat at any time.


Message History

Attempting RANGED ATTACK TO (-1,2) Firing (i - inventory):
c - 16 bolts (quivered)
Press: ? - help, Shift-Dir - straight line, f/p - raiju
Aim: a raiju (lightly wounded)
You shoot a bolt. The bolt hits the raiju.
The raiju is moderately wounded.
The raiju bursts into living lightning!
The living lightning hits you!
Ouch! That really hurt!
The raiju blinks!
A raiju comes into view.
Attempting RANGED ATTACK TO (2,-3) Firing (i - inventory):
c - 15 bolts (quivered)
Press: ? - help, Shift-Dir - straight line, f/p - raiju
Aim: a raiju (moderately wounded)
You shoot a bolt. The bolt misses the raiju.
The raiju bursts into living lightning!
The living lightning hits you!
Ouch! That really hurt!
You die...

#......### .##
.#.# ..#...##
###
.......####.#
#..#.##...#....#
.....#..#......#
#.#....(######.#
#..##h#..# .
#..#.###.#
#..K.# # #)...#
#...### #...#
##(# (. h#


You could see 2 raiju.

Table legend:
 A = Turns spent in this place as a percentage of turns spent in the entire game.
 B = Non-inter-level travel turns spent in this place as a percentage of non-inter-level travel turns spent in the entire game.
 C = Inter-level travel turns spent in this place as a percentage of turns spent in this place.
 D = Turns resting spent in this place as a percentage of non-inter-level travel turns spent in this place.
 E = Turns spent auto-exploring this place as a percentage of non-inter-level travel turns spent in this place.
 F = Non-inter-level travel turns spent in this place divided by the number of levels of this place that you've seen.
                   A       B       C       D       E      F
               +-------+-------+-------+-------+-------+----------------------
         Total | 100.0 | 100.0 |   0.0 |   0.0 |   4.5 | 167.5
       Dungeon |  96.4 |  96.4 |   0.0 |   0.0 |   4.0 | 323.0
         Abyss |   3.6 |   3.6 |   0.0 |   0.0 |  16.7 |  12.0
               +-------+-------+-------+-------+-------+----------------------

Table legend:
 A = Kills in this place as a percentage of kills in entire the game.
 B = Kills by you in this place as a percentage of kills by you in the entire game.
 C = Kills by friends in this place as a percentage of kills by friends in the entire game.
 D = Other kills in this place as a percentage of other kills in the entire game.
 E = Experience gained in this place as a percentage of experience gained in the entire game.
 F = Experience gained in this place divided by the number of levels of this place that you have seen.
                   A       B       C       D       E      F
               +-------+-------+-------+-------+-------+----------------------
         Total | 100.0 | 100.0 |  -nan |  -nan | 100.0 |   3.0
       Dungeon | 100.0 | 100.0 |  -nan |  -nan | 100.0 |   6.0
               +-------+-------+-------+-------+-------+----------------------

Vanquished Creatures
  2 goblins (D:1)
  A giant cockroach (D:1)
  A rat (D:1)
4 creatures vanquished.

Notes
Turn   | Place    | Note
--------------------------------------------------------------
     0 | D:1      | gw, the Kobold Hunter, began the quest for the Orb.
     0 | D:1      | Reached XP level 1. HP: 12/12 MP: 1/1
   163 | D:1      | Reached skill level 5 in Crossbows
   181 | D:1      | Cast into the Abyss (a distortion unwield)
   241 | Abyss:1  | Noticed a raiju
   244 | Abyss:1  | Noticed a raiju
   244 | Abyss:1  | Killed from afar by a raiju

Action                   || total
-------------------------++-------
Melee: Dagger            ||     1
       Short sword       ||     1
 Fire: Hand crossbow     ||    11

Vault maps used:
D:1:      dpeg_arrival_shrine, grunt_decor_fettered
Abyss:1:  abyss_exit_lava
